BLB
INDIANAPOLIS CLOWNS @ SANTO DOMINGO RUM RUNNERS
05/08/2060
 
TOP OF THE 1ST
Indianapolis Clowns batting - Pitching for Santo Domingo Rum Runners : RHP Dave Scott
Pitching: RHP Dave Scott
Batting: LHB Elias Owen 0-0: Fly out, F7 (Line Drive, 7, EV 96.2 MPH)
Batting: RHB Tom Holderness 0-0: Ball
1-0: Foul Ball, location: 2F
1-1: Ball
2-1: Called Strike
2-2: Ball
3-2: Foul Ball, location: 2F
3-2: Foul Ball, location: 2F
3-2: Foul Ball, location: 2F
3-2: Foul Ball, location: 2F
3-2: Foul Ball, location: 2F
3-2: Foul Ball, location: 2F
3-2: Base on Balls
Batting: LHB Sean Hayward 0-0: Ball
1-0: Ball
2-0: SINGLE (Groundball, 34D, EV 96.9 MPH)
Tom Holderness to second
Runner from 2nd tries for 3rd, SAFE, throw by RF made to third
Batting: LHB Grady Faulkner 0-0: Called Strike
0-1: Swinging Strike
0-2: Strikes out swinging
Batting: RHB Bryant Francis 0-0: Ball
1-0: Ball
2-0: Ground out 4-3 (Groundball, 34, EV 97.5 MPH)
Top of the 1st over - 0 runs, 1 hit, 0 errors, 2 left on base; Indianapolis 0 - Santo Domingo 0
BOTTOM OF THE 1ST
Santo Domingo Rum Runners batting - Pitching for Indianapolis Clowns : RHP Charles Hofer
Pitching: RHP Charles Hofer
Batting: RHB Payton Weinberg 0-0: Fly out, F7 (Flyball, 7LSF, EV 98.8 MPH)
Batting: RHB Devain Ecevit 0-0: Fly out, F8 (Flyball, 8RD, EV 91.9 MPH)
Batting: LHB Ronald Anderson 0-0: Ball
1-0: Ball
2-0: Ball
3-0: Base on Balls
Batting: LHB Larry Collier 0-0: Ball
1-0: Ball
Ronald Anderson steals 2nd, throwing error, E2
Ronald Anderson to third
2-0: Ball
3-0: Called Strike
3-1: SINGLE (Groundball, 4MD, EV 102.5 MPH)
Ronald Anderson scores
Batting: RHB Tommie Adamson 0-0: Called Strike
0-1: SINGLE (Flyball, 8RS, EV 90.6 MPH)
Larry Collier to second
Batting: LHB Kolby Carter 0-0: Called Strike
0-1: Swinging Strike
0-2: Ball
1-2: Ground out 4-3 (Groundball, 4D, EV 100.6 MPH)
Bottom of the 1st over - 1 run, 2 hits, 1 error, 2 left on base; Indianapolis 0 - Santo Domingo 1
TOP OF THE 2ND
Indianapolis Clowns batting - Pitching for Santo Domingo Rum Runners : RHP Dave Scott
Batting: RHB Jett Speer 0-0: Ball
1-0: Called Strike
1-1: Swinging Strike
1-2: Strikes out looking
Batting: RHB Gage Hay 0-0: Foul Ball, location: 2F
0-1: Swinging Strike
0-2: Strikes out swinging
Batting: RHB Blake Kahn 0-0: Ball
1-0: Ball
2-0: Foul Ball, location: 2F
2-1: Ball
3-1: Called Strike
3-2: Foul Ball, location: 2F
3-2: Base on Balls
Batting: RHB Jared Bradley 0-0: Fly out, F6 (Popup, P, EV 80.0 MPH)
Top of the 2nd over - 0 runs, 0 hits, 0 errors, 1 left on base; Indianapolis 0 - Santo Domingo 1
BOTTOM OF THE 2ND
Santo Domingo Rum Runners batting - Pitching for Indianapolis Clowns : RHP Charles Hofer
Batting: RHB Devin Geertz 0-0: Foul Ball, location: 2F
0-1: Ground out 6-3 (Groundball, 6, EV 100.6 MPH)
Batting: RHB Braedon Pashikian 0-0: Ball
1-0: Ball
2-0: Foul Ball, location: 2F
2-1: Ball
3-1: Foul Ball, location: 2F
3-2: Fly out, F8 (Flyball, 78M, EV 85.0 MPH)
Batting: RHB Andy Wood 0-0: Called Strike
0-1: Ball
1-1: Swinging Strike
1-2: Foul Ball, location: 2F
1-2: Strikes out swinging
Bottom of the 2nd over - 0 runs, 0 hits, 0 errors, 0 left on base; Indianapolis 0 - Santo Domingo 1
TOP OF THE 3RD
Indianapolis Clowns batting - Pitching for Santo Domingo Rum Runners : RHP Dave Scott
Batting: LHB Elias Owen 0-0: Called Strike
0-1: Ground out 1-3 (Groundball, 23, EV 76.9 MPH)
Batting: RHB Tom Holderness 0-0: Called Strike
0-1: Foul Ball, location: 2F
0-2: Ball
1-2: Strikes out swinging
Batting: LHB Sean Hayward 0-0: Called Strike
0-1: Ball
1-1: Ball
2-1: Ball
3-1: Base on Balls
Batting: LHB Grady Faulkner 0-0: Ball
1-0: Ball
2-0: Swinging Strike
2-1: Ball
3-1: Ground out 6-3 (Groundball, 6MS, EV 71.2 MPH)
Top of the 3rd over - 0 runs, 0 hits, 0 errors, 1 left on base; Indianapolis 0 - Santo Domingo 1
BOTTOM OF THE 3RD
Santo Domingo Rum Runners batting - Pitching for Indianapolis Clowns : RHP Charles Hofer
Batting: RHB Payton Weinberg 0-0: Called Strike
0-1: Ball
1-1: Swinging Strike
1-2: Foul Ball, location: 2F
1-2: Ball
2-2: Strikes out looking
Batting: RHB Devain Ecevit 0-0: Called Strike
0-1: Bunt for hit to 13S - play at first, batter OUT! 1-3
Batting: LHB Ronald Anderson 0-0: Ball
1-0: Foul Ball, location: 2F
1-1: Ground out 5-3 (Groundball, 56S, EV 85.0 MPH)
Bottom of the 3rd over - 0 runs, 0 hits, 0 errors, 0 left on base; Indianapolis 0 - Santo Domingo 1
TOP OF THE 4TH
Indianapolis Clowns batting - Pitching for Santo Domingo Rum Runners : RHP Dave Scott
Batting: RHB Bryant Francis 0-0: Ball
1-0: Foul Ball, location: 2F
1-1: Ground out 5-3 (Groundball, 5S, EV 72.5 MPH)
Batting: RHB Jett Speer 0-0: Called Strike
0-1: Foul Ball, location: 2F
0-2: Ball
1-2: Ball
2-2: Strikes out swinging
Batting: RHB Gage Hay 0-0: Ball
1-0: SINGLE (Line Drive, 4D, EV 94.4 MPH)
Batting: RHB Blake Kahn 0-0: Ball
1-0: Ball
Wild Pitch!
Gage Hay to second
2-0: Called Strike
2-1: Foul Ball, location: 2F
2-2: Strikes out swinging
Top of the 4th over - 0 runs, 1 hit, 0 errors, 1 left on base; Indianapolis 0 - Santo Domingo 1
BOTTOM OF THE 4TH
Santo Domingo Rum Runners batting - Pitching for Indianapolis Clowns : RHP Charles Hofer
Batting: LHB Larry Collier 0-0: Fly out, F7 (Line Drive, 7LS, EV 88.1 MPH)
Batting: RHB Tommie Adamson 0-0: Ball
1-0: SINGLE (Groundball, 56D, EV 98.1 MPH)
Batting: LHB Kolby Carter 0-0: Ball
1-0: Ball
2-0: Ball
3-0: Foul Ball, location: 2F
3-1: 2-RUN HOME RUN (Flyball, 9LD, EV 92.5 MPH), Distance : 346 ft
Batting: RHB Devin Geertz 0-0: Ball
1-0: Ball
2-0: Ball
3-0: Base on Balls
Batting: RHB Braedon Pashikian 0-0: Called Strike
0-1: Ball
1-1: Ground out 5-3 (Groundball, 56S, EV 75.6 MPH)
Devin Geertz to second
Batting: RHB Andy Wood 0-0: Called Strike
0-1: Swinging Strike
0-2: Ball
1-2: Ball
2-2: Strikes out swinging
Bottom of the 4th over - 2 runs, 2 hits, 0 errors, 1 left on base; Indianapolis 0 - Santo Domingo 3
TOP OF THE 5TH
Indianapolis Clowns batting - Pitching for Santo Domingo Rum Runners : RHP Dave Scott
Batting: RHB Jared Bradley 0-0: Called Strike
0-1: Foul Ball, location: 2F
0-2: Ball
1-2: Ball
2-2: Strikes out swinging
Batting: LHB Elias Owen 0-0: Called Strike
0-1: Ball
1-1: SINGLE (Flyball, 4D, EV 92.5 MPH)
Batting: RHB Tom Holderness 0-0: Fly out, F3 (Popup, 34S, EV 89.4 MPH)
Batting: LHB Sean Hayward 0-0: Swinging Strike
0-1: SINGLE (Line Drive, 34, EV 99.4 MPH)
Elias Owen to second
Runner from 2nd tries for 3rd, SAFE, throw by RF made to third
Batting: LHB Grady Faulkner 0-0: Ball
1-0: Swinging Strike
1-1: Ball
2-1: Fly out, F9 (Flyball, 9LS, EV 85.6 MPH)
Top of the 5th over - 0 runs, 2 hits, 0 errors, 2 left on base; Indianapolis 0 - Santo Domingo 3
BOTTOM OF THE 5TH
Santo Domingo Rum Runners batting - Pitching for Indianapolis Clowns : RHP Charles Hofer
Batting: RHB Payton Weinberg 0-0: Ground out 5-3 (Groundball, 56, EV 94.4 MPH)
Batting: RHB Devain Ecevit 0-0: Bunt for hit to 13S - play at first, batter safe!
Batting: LHB Ronald Anderson 0-0: Ball
1-0: Called Strike
1-1: Ball
Devain Ecevit is caught stealing 2nd base 2-6
2-1: Ball
3-1: Foul Ball, location: 2F
3-2: Base on Balls
Batting: LHB Larry Collier 0-0: Foul Ball, location: 2F
0-1: Reached on error, E5 (Groundball, 56, EV 90.0 MPH)
Ronald Anderson to second
Batting: RHB Tommie Adamson 0-0: Ball
1-0: SINGLE (Groundball, 6D, EV 97.5 MPH)
Ronald Anderson to third
Larry Collier to second
Batting: LHB Kolby Carter 0-0: Ball
1-0: Ball
2-0: Ball
3-0: Called Strike
3-1: Foul Ball, location: 2F
3-2: Foul Ball, location: 2F
3-2: Foul Ball, location: 2F
3-2: Base on Balls
Ronald Anderson scores
Larry Collier to third
Tommie Adamson to second
Batting: RHB Devin Geertz 0-0: Fly out, F8 (Flyball, 8LM, EV 85.6 MPH)
Bottom of the 5th over - 1 run, 2 hits, 1 error, 3 left on base; Indianapolis 0 - Santo Domingo 4
TOP OF THE 6TH
Indianapolis Clowns batting - Pitching for Santo Domingo Rum Runners : RHP Dave Scott
Batting: RHB Bryant Francis 0-0: Ball
1-0: Ball
2-0: Ball
3-0: Called Strike
3-1: Swinging Strike
3-2: Strikes out looking
Batting: RHB Jett Speer 0-0: Called Strike
0-1: Foul Ball, location: 2F
0-2: Strikes out looking
Batting: RHB Gage Hay 0-0: Called Strike
0-1: Foul Ball, location: 2F
0-2: Fly out, F8 (Line Drive, 8RS, EV 91.2 MPH)
Top of the 6th over - 0 runs, 0 hits, 0 errors, 0 left on base; Indianapolis 0 - Santo Domingo 4
BOTTOM OF THE 6TH
Santo Domingo Rum Runners batting - Pitching for Indianapolis Clowns : RHP Charles Hofer
Batting: RHB Braedon Pashikian 0-0: Ground out U3 (Groundball, 3L, EV 91.2 MPH)
Batting: RHB Andy Wood 0-0: Ground out 4-3 (Groundball, 4MD, EV 106.2 MPH)
Batting: RHB Payton Weinberg 0-0: Called Strike
0-1: Ball
1-1: Ball
2-1: Ground out 5-3 (Groundball, 56S, EV 87.5 MPH)
Bottom of the 6th over - 0 runs, 0 hits, 0 errors, 0 left on base; Indianapolis 0 - Santo Domingo 4
TOP OF THE 7TH
Indianapolis Clowns batting - Pitching for Santo Domingo Rum Runners : RHP Dave Scott
Batting: RHB Blake Kahn 0-0: Hit by Pitch
Batting: RHB Jared Bradley 0-0: Called Strike
0-1: Foul Ball, location: 2F
0-2: Ball
1-2: Strikes out looking
Batting: LHB Elias Owen 0-0: Fielders Choice at 2nd, 3-6 (Groundball, 34, EV 110.0 MPH)
Batting: RHB Tom Holderness 0-0: Ball
1-0: Ball
Elias Owen steals 2nd base
2-0: Fly out, F8 (Line Drive, 8LM, EV 98.1 MPH)
Top of the 7th over - 0 runs, 0 hits, 0 errors, 1 left on base; Indianapolis 0 - Santo Domingo 4
BOTTOM OF THE 7TH
Santo Domingo Rum Runners batting - Pitching for Indianapolis Clowns : RHP Charles Hofer
Batting: RHB Devain Ecevit 0-0: Ball
1-0: Called Strike
1-1: Called Strike
1-2: Ground out 6-3 (Groundball, 6, EV 83.1 MPH)
Batting: LHB Ronald Anderson 0-0: Called Strike
0-1: SINGLE (Flyball, 56D, EV 89.4 MPH)
Batting: LHB Larry Collier 0-0: SINGLE (Flyball, 8LS, EV 88.8 MPH)
Ronald Anderson to second
Batting: RHB Tommie Adamson 0-0: Called Strike
0-1: Ball
1-1: Grounds out, U3 (Groundball, 3L, EV 81.9 MPH)
Ronald Anderson to third
Batting: LHB Kolby Carter 0-0: Ball
1-0: Fly out, F8 (Flyball, 8RM, EV 94.4 MPH)
Bottom of the 7th over - 0 runs, 2 hits, 0 errors, 2 left on base; Indianapolis 0 - Santo Domingo 4
TOP OF THE 8TH
Indianapolis Clowns batting - Pitching for Santo Domingo Rum Runners : RHP Dave Scott
Batting: LHB Sean Hayward 0-0: Ball
1-0: Foul Ball, location: 2F
1-1: Ball
2-1: Foul Ball, location: 2F
2-2: Foul Ball, location: 2F
2-2: Ball
3-2: Strikes out swinging
Pitching: LHP Tyler Wolfe
Batting: LHB Grady Faulkner 0-0: Ball
1-0: Called Strike
1-1: Fly out, F9 (Flyball, 9D, EV 88.8 MPH)
Batting: RHB Bryant Francis 0-0: Ball
1-0: Ground out 5-3 (Groundball, 56, EV 102.5 MPH)
Top of the 8th over - 0 runs, 0 hits, 0 errors, 0 left on base; Indianapolis 0 - Santo Domingo 4
BOTTOM OF THE 8TH
Santo Domingo Rum Runners batting - Pitching for Indianapolis Clowns : RHP Charles Hofer
Pitching: LHP Ralph Shields
Batting: RHB Devin Geertz 0-0: Ball
1-0: Called Strike
1-1: Foul Ball, location: 2F
1-2: Foul Ball, location: 2F
1-2: Strikes out swinging
Batting: RHB Braedon Pashikian 0-0: Ball
1-0: Ground out 5-3 (Groundball, 56S, EV 78.8 MPH)
Batting: RHB Andy Wood 0-0: Ball
1-0: Ball
2-0: Called Strike
2-1: Foul Ball, location: 2F
2-2: Ball
3-2: Ground out 5-3 (Groundball, 56S, EV 68.8 MPH)
Bottom of the 8th over - 0 runs, 0 hits, 0 errors, 0 left on base; Indianapolis 0 - Santo Domingo 4
TOP OF THE 9TH
Indianapolis Clowns batting - Pitching for Santo Domingo Rum Runners : LHP Tyler Wolfe
Batting: RHB Jett Speer 0-0: Ball
1-0: Ball
2-0: Called Strike
2-1: Foul Ball, location: 2F
2-2: Fly out, F7 (Line Drive, 7S, EV 85.0 MPH)
Batting: RHB Gage Hay 0-0: Called Strike
0-1: Swinging Strike
0-2: Ball
1-2: Strikes out looking
Batting: RHB Blake Kahn 0-0: Called Strike
0-1: Called Strike
0-2: Ball
1-2: Foul Ball, location: 2F
1-2: Ball
2-2: Ball
3-2: Base on Balls
Batting: RHB Jared Bradley 0-0: Ball
1-0: Ball
2-0: Ball
3-0: Foul Ball, location: 2F
3-1: Called Strike
3-2: SINGLE (Flyball, 6D, EV 91.9 MPH)
Blake Kahn to second
Blake Kahn to third
Pitching: LHP Brad Hudson
Batting: LHB Elias Owen 0-0: Called Strike
0-1: Ball
1-1: Swinging Strike
1-2: Ball
2-2: Ball
3-2: Foul Ball, location: 2F
3-2: Foul Ball, location: 2F
3-2: Strikes out swinging
Top of the 9th over - 0 runs, 1 hit, 0 errors, 2 left on base; Indianapolis 0 - Santo Domingo 4
Monday, April 29th , 2024 - OOTP Baseball 23.10 Build 110